 Dungeon Crawl Stone Soup version 0.29.0-15-g675c0067aa (webtiles) character file.

Game seed: 4094192794351038317

54 qw the Sneak (level 3, 0/23 HPs)
             Began as a Gargoyle Delver on Sept 11, 2022.
             Shot with a sling bullet by a goblin (4 damage)
             ... on level 2 of the Dungeon.
             The game lasted 00:00:36 (1634 turns).

qw the Sneak (Gargoyle Delver)                      Turns: 1634, Time: 00:00:37

Health: 0/23       AC:  8    Str: 17    XL:     3   Next: 91%
Magic:  3/3        EV: 10    Int: 10    God:
Gold:   71         SH:  0    Dex: 11    Spells: 2/2 levels left

rFire   . . .      SeeInvis .   Y - +0 hand axe
rCold   . . .      Faith    .   (no shield)
rNeg    + . .      Spirit   .   h - +0 ring mail
rPois   inf        Reflect  .   (no helmet)
rElec   +          Harm     .   (no cloak)
rCorr   .          Rampage  .   (no gloves)
Will    .....                   (no boots)
Stlth   ++........              (no amulet)
HPRegen 0.07/turn               (no ring)
MPRegen 0.08/turn               (no ring)

@: no status effects
A: sickness immunity, AC +3, negative energy resistance 1, electricity
resistance, torment resistance 1, petrification resistance
a: no special abilities


You were on level 2 of the Dungeon.
You visited 1 branch of the dungeon, and saw 4 of its levels.

You collected 71 gold pieces.


Innate Abilities, Weirdness & Mutations

You are immune to sickness and miasma.
Your stone body is resilient. (AC +3)
You are immune to poison.
You resist negative energy. (rN+)
You are resistant to electric shocks. (rElec)
You are resistant to unholy torment.
You are immune to petrification.


   Skills:
 - Level 3.2 Fighting
 + Level 3.5 Axes
 - Level 1.1 Armour
 - Level 1.5 Dodging
 - Level 5.4 Stealth


You had 2 spell levels left.
You didn't know any spells.
Your spell library was empty.

Inventory:

Hand Weapons
 b - a +0 whip
 Y - a +0 hand axe (weapon)
Armour
 h - a +0 ring mail (worn)
Wands
 g - a wand of digging (3)
Scrolls
 a - a scroll of noise {unknown}
Potions
 c - a potion of degeneration {unknown}
 e - a potion of mutation {unknown}
 f - a potion of haste

Dungeon Overview and Level Annotations

Branches:
Dungeon (5/15)
 Temple: D:4-7

Altars:
Hepliaklqana


Message History

It is covered in frost.
The goblin shoots a sling bullet.
The sling bullet completely misses you. The worm misses you.
You hit the worm but do no damage.
The worm is moderately wounded.
The goblin shoots a sling bullet.
The sling bullet closely misses you. The worm closely misses you.
You hit the worm but do no damage.
The worm is lightly wounded.
The goblin shoots a sling bullet.
The sling bullet barely misses you.
You slash the worm!
The worm is severely wounded.
The goblin shoots a sling bullet.
The sling bullet hits you. The sling bullet freezes you. The worm bites you.
You completely miss the worm.
The worm is heavily wounded.
The goblin shoots a sling bullet.
The sling bullet hits you but does no damage.
The worm barely misses you.
You hit the worm.
The worm is severely wounded.
The goblin shoots a sling bullet.
The sling bullet closely misses you.
A quokka comes into view.
The goblin shoots a sling bullet.
The sling bullet hits you. The sling bullet freezes you.
You hit the worm.
The worm is severely wounded.
The worm barely misses you.
The goblin shoots a sling bullet.
The sling bullet barely misses you.
You hit the worm.
You kill the worm!
The goblin shoots a sling bullet.
The sling bullet closely misses you.
The quokka bites you but does no damage.
You hit the quokka but do no damage.
The quokka bites you but does no damage.
The goblin shoots a sling bullet.
The sling bullet hits you but does no damage.
You closely miss the quokka.
The quokka bites you but does no damage.
The goblin shoots a sling bullet.
The sling bullet hits you.
You die...

## ## ..# ..##..
#.##...g..
.#######........
.......#.......
.....#...#.# #
#........#...
#####.)........
###...r@..%......
######
#...#####%##.....
#.....####.###
#.# ..<
....<..#...# #..
# .........###
###. .........# .
..
.........###....
..
.....>........#
...
........#######


You could see a quokka and a goblin.

Vanquished Creatures
  3 adders
  An ufetubus (D:5)
  2 worms (D:2)
  An orc (D:3)
  2 ball pythons (D:3)
  2 endoplasms
  2 quokkas (D:3)
  A frilled lizard (D:3)
  3 goblins
  2 rats
19 creatures vanquished.

Notes
Turn   | Place    | Note
-------+----------+-------------------------------------------
     0 | D:5      | qw the Gargoyle Delver began the quest for the Orb.
     0 | D:5      | Reached XP level 1. HP: 14/14 MP: 1/1
     0 | D:5      | 0 ||| qw: Version: 0.1-a-117-gfe26ee0
     0 | D:5      | 0 ||| qw: Game counter: 10068
     0 | D:5      | 0 ||| qw: Always use a shield: true
     0 | D:5      | 0 ||| qw: God list: Okawaru
     0 | D:5      | 0 ||| qw: Allow faded altars: false
     0 | D:5      | 0 ||| qw: Do Orc after D:15 true
     0 | D:5      | 0 ||| qw: Do second Lair branch before Depths: true
     0 | D:5      | 0 ||| qw: Lair rune preference: random
     0 | D:5      | 0 ||| qw: Plans: Normal
     0 | D:5      | 0 ||| PLANNING D:1-11
    31 | D:5      | HP: 2/14 [ufetubus (2)]
    45 | D:5      | 45 ||| Stepping ~*~*~tactically~*~*~ (stealth).
   325 | D:5      | 325 ||| UPGRADING to +0 ring mail.
   335 | D:5      | 335 ||| DROPPING +0 leather armour.
   336 | D:5      | 336 ||| DROPPING scroll of fog.
   337 | D:5      | 337 ||| DROPPING scroll of magic mapping.
   338 | D:5      | 338 ||| DROPPING scroll of fear.
   356 | D:3      | 356 ||| PLANNING SEWER
   360 | D:3      | Reached XP level 2. HP: 14/19 MP: 2/2
   706 | D:3      | Found a hazy altar of Hepliaklqana.
   732 | D:3      | Reached skill level 3 in Axes
   819 | D:3      | Reached skill level 1 in Armour
   819 | D:3      | Reached XP level 3. HP: 16/23 MP: 3/3
   864 | D:3      | 864 ||| FLEEEEING.
   865 | D:3      | 865 ||| FLEEEEING.
   866 | D:3      | 866 ||| FLEEEEING.
   867 | D:3      | 867 ||| FLEEEEING.
   868 | D:3      | 868 ||| FLEEEEING.
  1090 | D:3      | 1090 ||| Stepping ~*~*~tactically~*~*~ (stealth).
  1102 | D:3      | 1102 ||| RIP SEWER
  1121 | D:3      | 1121 ||| PLANNING D:1-11
  1121 | D:3      | 1121 ||| READING scroll labelled QAAZEH LEUTWUV.
  1191 | D:3      | 1191 ||| FLEEEEING.
  1192 | D:3      | 1192 ||| FLEEEEING.
  1193 | D:3      | 1193 ||| FLEEEEING.
  1195 | D:3      | 1195 ||| FLEEEEING.
  1196 | D:3      | 1196 ||| FLEEEEING.
  1197 | D:3      | 1197 ||| FLEEEEING.
  1198 | D:3      | 1198 ||| FLEEEEING.
  1199 | D:3      | 1199 ||| FLEEEEING.
  1200 | D:3      | 1200 ||| FLEEEEING.
  1202 | D:3      | 1202 ||| FLEEEEING.
  1203 | D:3      | 1203 ||| FLEEEEING.
  1204 | D:3      | 1204 ||| FLEEEEING.
  1205 | D:3      | 1205 ||| FLEEEEING.
  1206 | D:3      | 1206 ||| FLEEEEING.
  1207 | D:3      | 1207 ||| FLEEEEING.
  1209 | D:3      | 1209 ||| FLEEEEING.
  1210 | D:3      | 1210 ||| FLEEEEING.
  1211 | D:3      | 1211 ||| FLEEEEING.
  1212 | D:3      | 1212 ||| FLEEEEING.
  1213 | D:3      | 1213 ||| FLEEEEING.
  1214 | D:3      | 1214 ||| FLEEEEING.
  1223 | D:3      | 1223 ||| FLEEEEING.
  1227 | D:3      | 1227 ||| FLEEEEING.
  1228 | D:3      | 1228 ||| FLEEEEING.
  1230 | D:3      | 1230 ||| FLEEEEING.
  1231 | D:3      | 1231 ||| FLEEEEING.
  1232 | D:3      | 1232 ||| FLEEEEING.
  1236 | D:3      | 1236 ||| FLEEEEING.
  1241 | D:3      | 1241 ||| STAIRDANCE
  1579 | D:2      | 1579 ||| Stepping ~*~*~tactically~*~*~ (stealth).
  1586 | D:2      | 1586 ||| Stepping ~*~*~tactically~*~*~ (stealth).
  1628 | D:2      | HP: 5/23 [goblin/sling bullet (4)]
  1634 | D:2      | Shot with a sling bullet by a goblin

Levels and vault maps discovered:
D:2:      layout_rooms, uniq_natasha
D:3:      layout_loops_corners, general_overflow_altar, portal_sewer_entry_e,
          kennysheep_generic_room_5
D:4:      layout_cave_pools, makhleb_heckhound_becter, serial_column_ruins,
          column_ruins_temple_hall, column_ruins_open_tiny,
          column_ruins_columns_straight, column_ruins_open_large,
          column_ruins_columns_straight, column_ruins_corridor_T, uniq_grinder
D:5:      layout_gridville

Skill      XL: |  1  2 |
---------------+-------+-----
Axes           | 2 3 |  3.5
Armour         | 1 |  1.1
Fighting       | |  3.2
Dodging        | |  1.5
Stealth        | |  5.4

Action                   || total
-------------------------++-------
Melee: Hand axe          ||    96
  Use: Scroll            ||     1
 Stab: Sleeping          ||     2
Armor: Leather armour    ||     2
       Ring mail         ||    38
Dodge: Dodged            ||    53

Table legend:
 A = Non-vault XP
 B = Vault XP
 C = Vault XP percentage of total XP
 D = Non-vault monster count
 E = Vault monster count
 F = Vault count percentage of total count
                 A         B        C        D         E       F
            +---------+---------+-------+---------+---------+-------
      Total |      78 |       0 |   0.0 |      19 |       0 |   0.0
            +---------+---------+-------+---------+---------+-------
        D:2 |      29 |       0 |   0.0 |       7 |       0 |   0.0
        D:3 |      41 |       0 |   0.0 |      11 |       0 |   0.0
        D:5 |       8 |       0 |   0.0 |       1 |       0 |   0.0
            +---------+---------+-------+---------+---------+-------
